 Dungeon Crawl Stone Soup version 0.25-b1-23-ge2ad7d536c (webtiles) character file.

Game seed: 16868368498920877104, levelgen mode: deterministic

259 diana the Shield-Bearer (level 5, -15/41 HPs)
             Began as a Demonspawn Fighter on June 2, 2020.
             Was an Initiate of Okawaru.
             Killed by divine providence
             ... invoked by an orc priest
              (17 damage)
             ... on level 4 of the Dungeon.
             The game lasted 00:02:37 (2490 turns).

diana the Shield-Bearer (Demonspawn Fighter)        Turns: 2490, Time: 00:02:38

Health: -15/41     AC: 11    Str: 17    XL:     5   Next: 94%
Magic:  0/5        EV:  3    Int:  9    God:    Okawaru [......]
Gold:   106        SH:  9    Dex: 13    Spells: 4/4 levels left

rFire    . . .     SeeInvis .   a - +0 flail
rCold    . . .     Gourm    .   c - +0 kite shield
rNeg     . . .     Faith    .   e - +0 plate armour
rPois    .         Spirit   +   (no helmet)
rElec    .         Reflect  .   (no cloak)
rCorr    +         Harm     .   (no gloves)
MR       .....                  (no boots)
Stlth    ..........             (no amulet)
HPRegen  0.13/turn              q - ring of resist corrosion
MPRegen  0.09/turn              (no ring)

@: no status effects
A: hooves 2, magic shield
a: Renounce Religion


You were on level 4 of the Dungeon.
You worshipped Okawaru.
Okawaru was noncommittal.
You were hungry.

You visited 2 branches of the dungeon, and saw 5 of its levels.

You collected 106 gold pieces.

Inventory:

Hand Weapons
 a - a +0 flail (weapon)
Armour
 c - a +0 kite shield (worn)
 e - a +0 plate armour (worn)
Jewellery
 b - the ring "Uqyit" {+Fly rF+ Str-3 Dex+3 Slay+3, unknown}
   (You found it on level 4 of the Dungeon)

   [ring of protection from fire]

   It affects your strength (-3).
   It affects your dexterity (+3).
   It affects your accuracy and damage with ranged weapons and melee attacks
   (+3).
   It protects you from fire.
   It lets you fly.
 q - a ring of resist corrosion (left hand)
Scrolls
 h - 5 scrolls of remove curse {unknown}
 i - 3 scrolls of magic mapping {unknown}
 j - 2 scrolls of identify {unknown}
 k - 2 scrolls of amnesia {unknown}
 l - 2 scrolls of immolation {unknown}
 m - a scroll of noise {unknown}
 n - a scroll of blinking {unknown}
 o - a scroll of enchant weapon {unknown}
 t - a scroll of fog {unknown}
Potions
 d - 5 potions of might
 p - a potion of berserk rage {unknown}
 r - 2 potions of flight {unknown}
 s - a potion of stabbing {unknown}
 u - a potion of degeneration {unknown}
 v - a potion of invisibility {unknown}
 w - 2 potions of haste {unknown}
 x - a potion of brilliance {unknown}
Comestibles
 f - 8 rations


   Skills:
 - Level 3.0 Fighting
 + Level 3.1 Maces & Flails
 + Level 3.8 Armour
 * Level 4.7 Shields


You had 4 spell levels left.
You didn't know any spells.
Your spell library was empty.

Dungeon Overview and Level Annotations

Branches:
Dungeon (4/15)             Temple (1/1) D:4

Altars:
Ashenzari
Cheibriados
Dithmenos
Elyvilon
Hepliaklqana
Kikubaaqudgha
Makhleb
Nemelex Xobeh
Okawaru
Qazlal
Ru
Sif Muna
Trog
Uskayaw
Vehumet
Wu Jian
Xom
Yredelemnul
Zin
The Shining One


Innate Abilities, Weirdness & Mutations

You have hoof-like feet.
When hurt, damage is shared between your health and your magic reserves.


Message History

You kill the gnoll!
Okawaru accepts your kill.
You are no longer glowing.
Found 5 boomerangs.
An orc comes into view. It is wielding a +0 dagger.
The orc shouts!
An orc priest comes into view.
An orc priest comes into view. It is wielding a +0 hand axe.
An orc priest comes into view. It is wielding a +0 falchion.
The orc priest shouts!
The orc priest mumbles some strange prayers to Beogh against you.
Beogh smites you!
* * * LOW HITPOINT WARNING * * *
The orc priest calls down the wrath of Beogh upon you.
Beogh smites you!
* * * LOW HITPOINT WARNING * * *
The orc hits you but does no damage.
The orc priest calls down the wrath of Beogh upon you.
Beogh smites you!
You die...

...#............##....##.
................#.[......
....#..8..#..........#.. .# #.
##.....##........#### ..<..
##..#.#..##........##.
#...##..##.##..##........#.
#......##...##.............
#..#..8....>....8.[.........
#.......##.@.##.............
#....##..##.##..##.....#....
#.....##..#o#..##....####.<.
####...##.o...##..##.# #....
.# #....#..8..#..###.###..##
..### #...........## #.....###
.....##...o.o#..#.####.......#
........##..#####..#.#.......#
......# #.o####..............


You could see an orc priest and 2 orcs.

Vanquished Creatures
  A gnoll shaman (D:4)
  An iguana (D:4)
  An orc wizard (D:4)
  4 gnolls (D:4)
  4 adders (D:2)
  2 oozes (D:2)
  5 worms
  2 dart slugs (D:1)
  3 leopard geckos
  4 orcs
  2 giant cockroaches (D:1)
  7 goblins
  6 hobgoblins
  11 jackals
  A quokka (D:2)
  6 bats
  9 frilled lizards
  2 kobolds
  2 rats (D:3)
73 creatures vanquished.

Notes
Turn   | Place    | Note
-------+----------+-------------------------------------------
     0 | D:1      | diana the Demonspawn Fighter began the quest for the Orb.
     0 | D:1      | Reached XP level 1. HP: 18/18 MP: 1/1
   104 | D:1      | Reached skill level 3 in Shields
   108 | D:1      | Gained mutation: You have large cloven feet. [demonic
                  | ancestry]
   108 | D:1      | Reached XP level 2. HP: 24/24 MP: 2/2
   536 | D:2      | Gained mutation: When hurt, damage is shared between your
                  | health and your magic reserves. [demonic ancestry]
   536 | D:2      | Reached XP level 3. HP: 29/29 MP: 3/3
   784 | D:2      | Reached XP level 4. HP: 22/35 MP: 4/4
  1236 | D:2      | Found a white marble altar of Elyvilon.
  1274 | D:2      | Reached skill level 4 in Shields
  1548 | D:3      | Found a glowing golden altar of the Shining One.
  1974 | D:4      | Gained mutation: You have hoof-like feet. [demonic
                  | ancestry]
  1974 | D:4      | Reached XP level 5. HP: 33/41 MP: 3/5
  2089 | D:4      | Found a staircase to the Ecumenical Temple.
  2102 | Temple   | Entered the Ecumenical Temple
  2144 | Temple   | Became a worshipper of Warmaster Okawaru
  2375 | D:4      | Got a fine bone ring
  2487 | D:4      | HP: 2/41 [orc priest/divine providence (7)]
  2490 | D:4      | Killed from afar by an orc priest

Illustrated notes

Levels and vault maps discovered:
D:1:      dpeg_arrival_rhombus, layout_rooms
D:2:      layout_rooms, elyvilon_altar_3, minmay_lizard_king
D:3:      layout_rooms, lemuel_crystal_altar, serial_rivers,
          chequers_serial_rivers_room_b, chequers_serial_rivers_room_a,
          chequers_serial_rivers_micro_c, chequers_serial_rivers_large_a,
          chequers_serial_rivers_micro_c
D:4:      layout_cave_pools, minmay_temple_entry_waves, first_ration
Temple:   dpeg_five_rooms_temple

Skill      XL: |  1  2  3  4  5 |
---------------+----------------+-----
Maces & Flails | 2 3 |  3.1
Shields        | 3 4 |  4.7
Armour         | 3 |  3.8
Fighting       | |  3.0

Action                   |  1- 3 |  4- 6 || total
-------------------------+-------+-------++-------
Melee: Flail             |   143 |   154 ||   297
       Kick              |    30 |    41 ||    71
  Eat: Chunk             |       |     5 ||     5
Armor: Plate armour      |   131 |   127 ||   258
Dodge: Dodged            |    13 |    17 ||    30
Block: Kite shield       |    82 |    98 ||   180
